AoeStats
← Verdusco

Arabia

505803136Analyzed
1v1 RM · 21d ago on Sep 11, 2026· 61m 1s· 2 players
Game mode
Random Map
Map size
Tiny (2 player)
Population
200
Speed
Normal
Resources
Standard
Victory
Conquest
Starting age
Dark Age
Ending age
Imperial Age
RankedLock teamsTeams togetherTeam positionsShared explorationLock speedFull tech treeHidden civsTurbo modeCheats
Victory
Defeat
🇬🇹 Franks · Guatemala
766
+16
🇵🇪 Bulgarians · Peru
761
-16
Verdusco
10:45 Feudal Age
12:03 Wheelbarrow
11:14 Loom
11:14 Horse Collar
11:26 Double-Bit Axe
17:34 Gold Mining
19:01 Forging
18:52 Scale Mail Armor
23:13 Bloodlines
25:39 Castle Age
23:51 Scale Barding Armor
25:12 Stone Mining
26:45 Hand Cart
26:49 Heavy Plow
27:06 Bow Saw
26:39 Pikeman
27:20 Squires
28:08 Husbandry
29:49 Gold Shaft Mining
34:14 Imperial Age
33:06 Stone Shaft Mining
32:56 Chain Mail Armor
35:19 Chain Barding Armor
35:30 Plate Mail Armor
37:28 Conscription
39:44 Plate Barding Armor
39:45 Iron Casting
42:36 Blast Furnace
42:38 Crop Rotation
42:15 Light Cavalry
44:40 Murder Holes
45:48 Chemistry
44:32 Onager
47:00 Stirrups
48:12 Bagains
48:12 Elite Konnik
50:44 Hussar
52:05 Halberdier
53:32 Siege Onager
Thunderclaw88
10:13 Feudal Age
17:56 Double-Bit Axe
22:45 Castle Age
21:23 Fletching
21:56 Forging
22:06 Gold Mining
24:32 Bow Saw
27:05 Iron Casting
38:17 Imperial Age
36:04 Scale Barding Armor
38:26 Cavalier
40:08 Chain Barding Armor
42:24 #83
43:30 Elite Throwing Axeman
43:49 Paladin
45:49 Chivalry
46:28 Plate Barding Armor
48:39 Chemistry
Connection lost

Rejoining the realm…

Still unreachable

The connection could not be restored.

Session expired

The server has moved on; the page needs a fresh start.